 Dungeon Sprint DCSS version 0.28.0-43-g3370ac3207 (webtiles) character file.

Game seed: 17106169344414499307

609 boopmooplesden the Cleaver (level 7, -6/115 HPs)
             Began as a Minotaur Berserker on Mar 15, 2022.
             Was a Believer of Trog.
             Mangled by a centaur warrior (12 damage)
             ... in the Dungeon (Sprint I: "Red Sonja").
             The game lasted 00:01:20 (547 turns).

boopmooplesden the Cleaver (Minotaur Berserker)      Turns: 547, Time: 00:01:21

Health: -6/115     AC:  2    Str: 22    XL:     7   Next: 19%
Magic:  6/6        EV: 14    Int:  4    God:    Trog [**....]
Gold:   438        SH:  0    Dex: 11    Spells: 6/6 levels left

rFire   . . .      SeeInvis .   a - +0 hand axe
rCold   . . .      Faith    .   (no shield)
rNeg    . . .      Spirit   .   b - +0 animal skin
rPois   .          Reflect  .   (helmet restricted)
rElec   .          Harm     .   (no cloak)
rCorr   .          Rampage  .   (no gloves)
Will    .....      NoTele   +   (no boots)
Stlth   ..........              (no amulet)
HPRegen 0.29/turn               (no ring)
MPRegen 0.10/turn               (no ring)

@: berserking, very quick
A: horns 2, retaliatory headbutt
a: Renounce Religion, Berserk, Trog's Hand


You were in the Dungeon.
You worshipped Trog.
Trog was pleased with you.
You visited 1 branch You collected 438 gold pieces.

Inventory:

Hand Weapons
 a - a +0 hand axe (weapon)
Armour
 b - a +0 animal skin (worn)
Wands
 i - a wand of paralysis (5)
Scrolls
 h - a scroll of blinking
Potions
 c - a potion of curing
 d - a potion of heal wounds
 e - a potion of haste
 f - 2 potions of magic
 g - a potion of berserk rage


   Skills:
 + Level 12.1 Fighting
 + Level 12.2 Axes
 + Level 6.3 Armour
 + Level 6.2 Dodging


You had 6 spell levels left.
You didn't know any spells.
Your spell library was empty.

Dungeon Overview and Level Annotations

Branches:
Dungeon (1/1)

Altars:
Cheibriados
Dithmenos
Elyvilon
Fedhas
Gozag
Hepliaklqana
Kikubaaqudgha
Makhleb
Nemelex Xobeh
Okawaru
Qazlal
Ru
Sif Muna
Trog
Uskayaw
Vehumet
Wu Jian
Xom
Yredelemnul
Zin
The Shining One
Jiyva
Lugonu

Shops:
D [


Innate Abilities, Weirdness & Mutations

You have a pair of horns on your head.
You reflexively headbutt those who attack you in melee.


Message History

There is an open door here.
You start waiting.
You feel yourself speed up.
You start waiting.
You recover from your berserk rage.
There is an open door here.
You enter the shallow water.
Moving in this stuff is going to be slow.
The centaur warrior shouts! x2
The centaur warrior wields a +0 shortbow.
The centaur warrior shoots an arrow.
The arrow hits you!!
The centaur warrior wields a +0 longbow.
The centaur warrior shoots an arrow.
The arrow hits you!!
The centaur warrior shoots an arrow.
The arrow hits you!
* * * LOW HITPOINT WARNING * * *
A red film seems to cover your vision as you go berserk!
You feel yourself moving faster!
You feel mighty!
The centaur warrior unwields a +0 longbow.
The centaur warrior hits you.
* * * LOW HITPOINT WARNING * * *
The centaur warrior kicks you but does no damage.
The centaur warrior unwields a +0 shortbow.
The centaur warrior hits you.
* * * LOW HITPOINT WARNING * * *
The centaur warrior kicks you.
* * * LOW HITPOINT WARNING * * *
You feel a strong urge to attack something.
You see here 21 gold pieces.
You barely miss the centaur warrior.
The centaur warrior wields a +0 shortbow.
The centaur warrior shoots an arrow.
The arrow barely misses you.
The centaur warrior barely misses you. x2
Unknown command.
You closely miss the centaur warrior. You punch the centaur warrior!
The centaur warrior is lightly wounded.
The centaur warrior shoots an arrow.
The arrow barely misses you.
You slash the centaur warrior! You headbutt the centaur warrior!
The centaur warrior is severely wounded.
The centaur warrior hits you!
You die...

###################
#..)..#.)'..#__#..+
').#..'..#..'..'..#
#####'#####'#__####
####..#...#.####@c#
#__####..##.#≈§§§§#
#_____##'#_.'§≈§c§+
#_.∩...†..._#≈§≈..#
#_..__##_.#'##+####
#_____###+#.#
####### ###


You could see 2 centaur warriors.

Vanquished Creatures
  A slime creature (D)
  Sigmund (D)
  A yak (D)
  An ogre (D)
  Ijyb (D)
  A jelly (D)
6 creatures vanquished.

Vanquished Creatures (others)
  A gargoyle (D)
1 creature vanquished.

Grand Total: 7 creatures vanquished

Notes
Turn   | Place    | Note
-------+----------+-------------------------------------------
     0 | D        | boopmooplesden the Minotaur Berserker began the quest for
                  | the Orb.
     0 | D        | Reached XP level 1. HP: 19/19 MP: 0/0
     1 | D        | Noticed Ijyb
    14 | D        | Killed Ijyb
    15 | D        | Reached skill level 5 in Fighting
    15 | D        | Reached skill level 5 in Axes
    15 | D        | Reached XP level 2. HP: 24/30 MP: 1/1
   142 | D        | Noticed an ogre
   149 | D        | Killed an ogre
   150 | D        | Reached XP level 3. HP: 17/40 MP: 2/2
   150 | D        | Reached XP level 4. HP: 20/48 MP: 3/3
   359 | D        | Noticed Sigmund
   367 | D        | Killed Sigmund
   367 | D        | Reached ** piety under Trog
   368 | D        | Reached skill level 5 in Armour
   368 | D        | Reached skill level 5 in Dodging
   368 | D        | Reached XP level 5. HP: 58/58 MP: 4/4
   401 | D        | Found a burning altar of Makhleb.
   401 | D        | Found a viscous altar of Jiyva.
   401 | D        | Found a shimmering altar of Xom.
   401 | D        | Found a corrupted altar of Lugonu.
   401 | D        | Noticed a slime creature
   407 | D        | Killed a slime creature
   408 | D        | Reached XP level 6. HP: 68/68 MP: 5/5
   459 | D        | Found a shimmering blue altar of Sif Muna.
   460 | D        | Found an ornate altar of the Wu Jian Council.
   461 | D        | Found a radiant altar of Vehumet.
   495 | D        | Found Geunlian's Antique Armour Emporium.
   495 | D        | Found an ancient bone altar of Kikubaaqudgha.
   495 | D        | Found a hazy altar of Hepliaklqana.
   495 | D        | Found a stormy altar of Qazlal.
   495 | D        | Found a hide-covered altar of Uskayaw.
   495 | D        | Found a blossoming altar of Fedhas.
   495 | D        | Found a bloodstained altar of Trog.
   495 | D        | Found an iron altar of Okawaru.
   495 | D        | Found a basalt altar of Yredelemnul.
   495 | D        | Found a glowing golden altar of the Shining One.
   495 | D        | Found a snail-covered altar of Cheibriados.
   495 | D        | Found a sacrificial altar of Ru.
   495 | D        | Found a glowing silver altar of Zin.
   495 | D        | Found a shadowy altar of Dithmenos.
   495 | D        | Found a white marble altar of Elyvilon.
   495 | D        | Noticed a yak
   502 | D        | Killed a yak
   503 | D        | Reached XP level 7. HP: 77/77 MP: 6/6
   503 | D        | Found an opulent altar of Gozag.
   504 | D        | Found a sparkling altar of Nemelex Xobeh.
   520 | D        | Noticed a centaur warrior
   520 | D        | Noticed a centaur warrior
   525 | D        | Killed a gargoyle
   547 | D        | Mangled by a centaur warrior

Illustrated notes

Levels and vault maps discovered:
D:        dungeon_sprint_1 [red_sonja_temple_1, red_sonja_temple_small_1]

Skill      XL: |  1  2  3  4  5  6 |
---------------+-------------------+-----
Fighting       | 5 7 9 11 12 | 12.1
Axes           | 5 7 9 11 12 | 12.2
Armour         | 3 4 5 6 |  6.3
Dodging        | 3 4 5 6 |  6.2

Action                   |  1- 3 |  4- 6 |  7- 9 || total
-------------------------+-------+-------+-------++-------
Melee: Hand axe          |    17 |    17 |     3 ||    37
       Headbutt          |     1 |     6 |     1 ||     8
       Punch             |     1 |       |     1 ||     2
Invok: Berserk           |     2 |     3 |     1 ||     6
Armor: Animal skin       |     1 |       |     1 ||     2
Dodge: Dodged            |     3 |     5 |     4 ||    12
